| TOP OF THE 1ST |
|
Mississippi Braves batting - Pitching for Jacksonville Suns : LHP Jeff Tavella
|
|
Pitching: LHP Jeff Tavella
|
|
|
Batting: RHB Tim Nettles
|
0-0: Ball 1-0: SINGLE (Groundball, 56D, EV 103.8 MPH)
|
|
Batting: LHB Ryan Braden
|
0-0: Foul Ball, location: 2F 0-1: Ball 1-1: Ball 2-1: Foul Ball, location: 2F 2-2: Ground out 4-3 (Groundball, 4, EV 103.1 MPH) Tim Nettles to second
|
|
Batting: RHB Jack Power
|
0-0: Ball 1-0: SINGLE (Groundball, 56D, EV 98.8 MPH) Tim Nettles to third Runner from 3rd tries for Home, SAFE, throw by LF to home
|
|
Batting: SHB Brian Bagley
|
0-0: Fly out, F4 (Flyball, 4D, EV 87.5 MPH)
|
|
Batting: RHB Zach Thomason
|
0-0: Ball 1-0: Swinging Strike 1-1: Ball 2-1: Foul Ball, location: 2F 2-2: Ball 3-2: Base on Balls Jack Power to second
|
|
Batting: RHB Zachary Sidney
|
0-0: Ball 1-0: Swinging Strike 1-1: DOUBLE (Line Drive, 89M, EV 110.6 MPH) Jack Power scores Zach Thomason to third
|
|
Batting: LHB Raul Guarjardo
|
0-0: Foul Ball, location: 2F 0-1: Called Strike 0-2: Ball Wild Pitch! Zach Thomason scores Zachary Sidney to third 1-2: Ground out U3 (Groundball, 3L, EV 83.1 MPH)
|
| Top of the 1st over - 3 runs, 3 hits, 0 errors, 1 left on base; Mississippi 3 - Jacksonville 0 |
| BOTTOM OF THE 1ST |
|
Jacksonville Suns batting - Pitching for Mississippi Braves : RHP Jarred Sharp
|
|
Pitching: RHP Jarred Sharp
|
|
|
Batting: LHB Jose Cabello
|
0-0: Ball 1-0: Called Strike 1-1: Ground out 5-3 (Groundball, 56S, EV 80.6 MPH)
|
|
Batting: RHB Mike Gar
|
0-0: SOLO HOME RUN (Flyball, 89XD, EV 106.3 MPH), Distance : 421 ft
|
|
Batting: RHB Akira Suzuki
|
0-0: Called Strike 0-1: Ball 1-1: Ball 2-1: Ground out 1-3 (Groundball, 15S, EV 70.0 MPH)
|
|
Batting: RHB Rick Fell
|
0-0: Ball 1-0: Called Strike 1-1: Fly out, F8 (Flyball, 89M, EV 81.9 MPH)
|
| Bottom of the 1st over - 1 run, 1 hit, 0 errors, 0 left on base; Mississippi 3 - Jacksonville 1 |
| TOP OF THE 2ND |
|
Mississippi Braves batting - Pitching for Jacksonville Suns : LHP Jeff Tavella
|
|
Batting: RHB Yorkis Saiki
|
0-0: Ball 1-0: Called Strike 1-1: Ball 2-1: Swinging Strike 2-2: Ball 3-2: Base on Balls
|
|
Batting: LHB Rodolfo Cano
|
0-0: Ball Wild Pitch! Yorkis Saiki to second 1-0: Called Strike 1-1: Ball 2-1: Foul Ball, location: 2F 2-2: Ball 3-2: Foul Ball, location: 2F 3-2: Foul Ball, location: 2F 3-2: Ground out 4-3 (Groundball, 4, EV 85.0 MPH) Yorkis Saiki to third
|
|
Batting: RHB Tim Nettles
|
0-0: Ball 1-0: Ball 2-0: Swinging Strike 2-1: Foul Ball, location: 2F 2-2: Strikes out swinging
|
|
Batting: LHB Ryan Braden
|
0-0: Ball 1-0: Ball 2-0: Ball 3-0: Called Strike 3-1: Foul Ball, location: 2F 3-2: Strikes out swinging
|
| Top of the 2nd over - 0 runs, 0 hits, 0 errors, 1 left on base; Mississippi 3 - Jacksonville 1 |
| BOTTOM OF THE 2ND |
|
Jacksonville Suns batting - Pitching for Mississippi Braves : RHP Jarred Sharp
|
|
Batting: RHB German Mendoza
|
0-0: Foul Ball, location: 2F 0-1: Foul Ball, location: 2F 0-2: Ball 1-2: Foul Ball, location: 2F 1-2: Ball 2-2: Fly out, F7 (Flyball, 7LS, EV 79.4 MPH)
|
|
Batting: LHB Emilio Cordero
|
0-0: Ball 1-0: Ball 2-0: Called Strike 2-1: Ground out 3-1 (Groundball, 3D, EV 83.8 MPH)
|
|
Batting: RHB Pi-ao Xú
|
0-0: Ground out 4-3 (Groundball, 4, EV 84.4 MPH)
|
| Bottom of the 2nd over - 0 runs, 0 hits, 0 errors, 0 left on base; Mississippi 3 - Jacksonville 1 |
| TOP OF THE 3RD |
|
Mississippi Braves batting - Pitching for Jacksonville Suns : LHP Jeff Tavella
|
|
Batting: RHB Jack Power
|
0-0: Ball 1-0: Fly out, F7 (Flyball, 78M, EV 78.8 MPH)
|
|
Batting: SHB Brian Bagley
|
0-0: Called Strike 0-1: Fly out, F8 (Flyball, 8RXD, EV 96.3 MPH)
|
|
Batting: RHB Zach Thomason
|
0-0: Foul Ball, location: 2F 0-1: Foul Ball, location: 2F 0-2: DOUBLE (Line Drive, 9D, EV 98.8 MPH)
|
|
Batting: RHB Zachary Sidney
|
0-0: Ball 1-0: Called Strike 1-1: Ball 2-1: Swinging Strike 2-2: Ball 3-2: Base on Balls
|
|
Batting: LHB Raul Guarjardo
|
0-0: SINGLE (Line Drive, 6MD, EV 104.4 MPH) Zach Thomason to third Zachary Sidney to second
|
|
Batting: RHB Yorkis Saiki
|
0-0: Called Strike 0-1: Swinging Strike 0-2: SINGLE (Groundball, 56D, EV 94.4 MPH) Zach Thomason scores Zachary Sidney to third Raul Guarjardo to second Runner from 3rd tries for Home, SAFE, throw by LF to home
|
|
Pitching: LHP Jerry Woods
|
|
|
Batting: LHB Rodolfo Cano
|
0-0: Called Strike 0-1: Ball 1-1: Foul Ball, location: 2F 1-2: Fielders Choice at 2nd, 6-4 (Groundball, 4M, EV 90.0 MPH)
|
| Top of the 3rd over - 2 runs, 3 hits, 0 errors, 2 left on base; Mississippi 5 - Jacksonville 1 |
| BOTTOM OF THE 3RD |
|
Jacksonville Suns batting - Pitching for Mississippi Braves : RHP Jarred Sharp
|
|
Batting: RHB Wilson Valdez
|
0-0: Called Strike 0-1: Ground out 2-3 (Groundball, 13S, EV 64.4 MPH)
|
|
Batting: RHB Manny Gonzalez
|
0-0: Ground out 6-3 (Groundball, 6, EV 90.0 MPH)
|
|
Batting: LHB Jose Cabello
|
0-0: Ball 1-0: Ground out U3 (Groundball, 3, EV 84.4 MPH)
|
| Bottom of the 3rd over - 0 runs, 0 hits, 0 errors, 0 left on base; Mississippi 5 - Jacksonville 1 |
| TOP OF THE 4TH |
|
Mississippi Braves batting - Pitching for Jacksonville Suns : LHP Jerry Woods
|
|
Batting: RHB Tim Nettles
|
0-0: Ball 1-0: Called Strike 1-1: Ball 2-1: Called Strike 2-2: Foul Ball, location: 2F 2-2: Strikes out swinging
|
|
Batting: LHB Ryan Braden
|
0-0: Called Strike 0-1: Foul Ball, location: 2F 0-2: Strikes out swinging
|
|
Batting: RHB Jack Power
|
0-0: Swinging Strike 0-1: Foul Ball, location: 2F 0-2: Ball 1-2: Ball 2-2: Ball 3-2: Strikes out swinging
|
| Top of the 4th over - 0 runs, 0 hits, 0 errors, 0 left on base; Mississippi 5 - Jacksonville 1 |
| BOTTOM OF THE 4TH |
|
Jacksonville Suns batting - Pitching for Mississippi Braves : RHP Jarred Sharp
|
|
Batting: RHB Mike Gar
|
0-0: Fly out, F9 (Flyball, 9, EV 80.0 MPH)
|
|
Batting: RHB Akira Suzuki
|
0-0: Ball 1-0: Fly out, F3 (Flyball, 3D, EV 90.6 MPH)
|
|
Batting: RHB Rick Fell
|
0-0: Foul Ball, location: 2F 0-1: Foul Ball, location: 2F 0-2: Ball 1-2: Strikes out swinging
|
| Bottom of the 4th over - 0 runs, 0 hits, 0 errors, 0 left on base; Mississippi 5 - Jacksonville 1 |
| TOP OF THE 5TH |
|
Mississippi Braves batting - Pitching for Jacksonville Suns : LHP Jerry Woods
|
|
Batting: SHB Brian Bagley
|
0-0: Ball 1-0: Ball 2-0: Ball 3-0: Base on Balls
|
|
Batting: RHB Zach Thomason
|
0-0: Called Strike 0-1: Swinging Strike 0-2: Ball 1-2: Ball 2-2: Strikes out looking
|
|
Batting: RHB Zachary Sidney
|
0-0: Swinging Strike 0-1: Foul Ball, location: 2F 0-2: Ball 1-2: Strikes out looking
|
|
Batting: LHB Raul Guarjardo
|
0-0: Fly out, F6 (Popup, 6, EV 72.5 MPH)
|
| Top of the 5th over - 0 runs, 0 hits, 0 errors, 1 left on base; Mississippi 5 - Jacksonville 1 |
| BOTTOM OF THE 5TH |
|
Jacksonville Suns batting - Pitching for Mississippi Braves : RHP Jarred Sharp
|
|
Batting: RHB German Mendoza
|
0-0: Ball 1-0: Fly out, F8 (Flyball, 8LXD, EV 100.6 MPH)
|
|
Batting: LHB Emilio Cordero
|
0-0: Fly out, F5 (Popup, 56S, EV 68.8 MPH)
|
|
Batting: RHB Pi-ao Xú
|
0-0: Ball 1-0: Called Strike 1-1: Swinging Strike 1-2: Strikes out swinging
|
| Bottom of the 5th over - 0 runs, 0 hits, 0 errors, 0 left on base; Mississippi 5 - Jacksonville 1 |
| TOP OF THE 6TH |
|
Mississippi Braves batting - Pitching for Jacksonville Suns : LHP Jerry Woods
|
|
Batting: RHB Yorkis Saiki
|
0-0: Called Strike 0-1: Swinging Strike 0-2: Foul Ball, location: 2F 0-2: Fly out, F7 (Flyball, 7, EV 81.3 MPH)
|
|
Batting: LHB Rodolfo Cano
|
0-0: Called Strike 0-1: Foul Ball, location: 2F 0-2: Strikes out swinging
|
|
Batting: RHB Tim Nettles
|
0-0: Ball 1-0: Foul Ball, location: 2F 1-1: Swinging Strike 1-2: Ball 2-2: SINGLE (Groundball, 6M, EV 100.0 MPH) (infield hit)
|
|
Pitching: LHP Will Devitt
|
|
|
Batting: LHB Ryan Braden
|
0-0: Called Strike 0-1: Ball 1-1: Ball 2-1: Ball 3-1: Base on Balls Tim Nettles to second
|
|
Batting: RHB Jack Power
|
0-0: Foul Ball, location: 2F 0-1: Fielders Choice at 2nd, 6-4 (Groundball, 6, EV 76.9 MPH)
|
| Top of the 6th over - 0 runs, 1 hit, 0 errors, 2 left on base; Mississippi 5 - Jacksonville 1 |
| BOTTOM OF THE 6TH |
|
Jacksonville Suns batting - Pitching for Mississippi Braves : RHP Jarred Sharp
|
|
Batting: RHB Wilson Valdez
|
0-0: Ground out 6-3 (Groundball, 6, EV 76.9 MPH)
|
|
Batting: RHB Manny Gonzalez
|
0-0: Ground out 2-3 (Groundball, 13S, EV 73.8 MPH)
|
|
Batting: LHB Jose Cabello
|
0-0: Ball 1-0: Ball 2-0: Foul Ball, location: 2F 2-1: Foul Ball, location: 2F 2-2: Ground out 4-3 (Groundball, 34, EV 90.6 MPH)
|
| Bottom of the 6th over - 0 runs, 0 hits, 0 errors, 0 left on base; Mississippi 5 - Jacksonville 1 |
| TOP OF THE 7TH |
|
Mississippi Braves batting - Pitching for Jacksonville Suns : LHP Will Devitt
|
|
Batting: SHB Brian Bagley
|
0-0: Foul Ball, location: 2F 0-1: Foul Ball, location: 2F 0-2: Ball 1-2: Foul Ball, location: 2F 1-2: Ball 2-2: Ground out 5-3 (Groundball, 56S, EV 71.9 MPH)
|
|
Batting: RHB Zach Thomason
|
0-0: Called Strike 0-1: Ball 1-1: Called Strike 1-2: Ball 2-2: Ground out U3 (Groundball, 3S, EV 81.9 MPH)
|
|
Batting: RHB Zachary Sidney
|
0-0: Ball 1-0: Ball 2-0: Fly out, F3 (Line Drive, 3, EV 68.8 MPH)
|
| Top of the 7th over - 0 runs, 0 hits, 0 errors, 0 left on base; Mississippi 5 - Jacksonville 1 |
| BOTTOM OF THE 7TH |
|
Jacksonville Suns batting - Pitching for Mississippi Braves : RHP Jarred Sharp
|
|
Now at 2B: Edwin Cota
|
|
|
Now in RF: Rodolfo Cano
|
|
|
Batting: RHB Mike Gar
|
0-0: Fly out, F9 (Flyball, 9S, EV 90.6 MPH)
|
|
Batting: RHB Akira Suzuki
|
0-0: Called Strike 0-1: Ball 1-1: Ball 2-1: Ball 3-1: Fly out, F8 (Flyball, 78S, EV 93.8 MPH)
|
|
Batting: RHB Rick Fell
|
0-0: Ball 1-0: Ball 2-0: Ball 3-0: Base on Balls
|
|
Batting: RHB German Mendoza
|
0-0: Ball 1-0: Ball 2-0: Called Strike 2-1: Ball Wild Pitch! Rick Fell to second 3-1: Foul Ball, location: 2F 3-2: Ground out 5-3 (Groundball, 5, EV 106.9 MPH)
|
| Bottom of the 7th over - 0 runs, 0 hits, 0 errors, 1 left on base; Mississippi 5 - Jacksonville 1 |
| TOP OF THE 8TH |
|
Mississippi Braves batting - Pitching for Jacksonville Suns : LHP Will Devitt
|
|
Batting: LHB Raul Guarjardo
|
0-0: Called Strike 0-1: Called Strike 0-2: Ball 1-2: Strikes out looking
|
|
Batting: RHB Yorkis Saiki
|
0-0: Called Strike 0-1: Foul Ball, location: 2F 0-2: Foul Ball, location: 2F 0-2: Fly out, F4 (Popup, 4S, EV 86.9 MPH)
|
|
Batting: LHB Rodolfo Cano
|
0-0: Ball 1-0: Ground out 2-3 (Groundball, 13S, EV 73.8 MPH)
|
| Top of the 8th over - 0 runs, 0 hits, 0 errors, 0 left on base; Mississippi 5 - Jacksonville 1 |
| BOTTOM OF THE 8TH |
|
Jacksonville Suns batting - Pitching for Mississippi Braves : RHP Jarred Sharp
|
|
Batting: LHB Emilio Cordero
|
0-0: Ball 1-0: SINGLE (Groundball, 13S, EV 70.6 MPH) (infield hit)
|
|
Pinch Hitting: LHB Jimmy Hannon
|
0-0: Ball 1-0: Foul Ball, location: 2F 1-1: Ball 2-1: Grounds into double play, 5-4-3 (Groundball, 5, EV 85.6 MPH)
|
|
Batting: RHB Wilson Valdez
|
0-0: Ball 1-0: Called Strike 1-1: Ball 2-1: Called Strike 2-2: Ball 3-2: Base on Balls
|
|
Batting: RHB Manny Gonzalez
|
0-0: Ball 1-0: Foul Ball, location: 2F 1-1: Ground out 4-3 (Groundball, 4D, EV 83.1 MPH)
|
| Bottom of the 8th over - 0 runs, 1 hit, 0 errors, 1 left on base; Mississippi 5 - Jacksonville 1 |
| TOP OF THE 9TH |
|
Mississippi Braves batting - Pitching for Jacksonville Suns : LHP Will Devitt
|
|
Pitching: RHP Stefan Snel
|
|
|
Now at 1B: German Mendoza
|
|
|
Now in RF: Jimmy Hannon
|
|
|
Batting: RHB Tim Nettles
|
0-0: Called Strike 0-1: Foul Ball, location: 2F 0-2: Ball 1-2: Strikes out swinging
|
|
Batting: RHB Edwin Cota
|
0-0: Ball 1-0: Fly out, F3 (Line Drive, 3, EV 71.3 MPH)
|
|
Batting: RHB Jack Power
|
0-0: Ball 1-0: Fly out, F8 (Flyball, 8LM, EV 82.5 MPH)
|
| Top of the 9th over - 0 runs, 0 hits, 0 errors, 0 left on base; Mississippi 5 - Jacksonville 1 |
| BOTTOM OF THE 9TH |
|
Jacksonville Suns batting - Pitching for Mississippi Braves : RHP Jarred Sharp
|
|
Pitching: RHP Danny Nerio
|
|
|
Batting: LHB Jose Cabello
|
0-0: Foul Ball, location: 2F 0-1: Ball 1-1: Ball 2-1: Foul Ball, location: 2F 2-2: Strikes out looking
|
|
Batting: RHB Mike Gar
|
0-0: Called Strike 0-1: Ball 1-1: Foul Ball, location: 2F 1-2: Ball 2-2: Foul Ball, location: 2F 2-2: Ball 3-2: Strikes out swinging
|
|
Batting: RHB Akira Suzuki
|
0-0: Called Strike 0-1: Swinging Strike 0-2: Ball 1-2: Strikes out swinging
|
| Bottom of the 9th over - 0 runs, 0 hits, 0 errors, 0 left on base; Mississippi 5 - Jacksonville 1 |
|